 Dungeon Sprint DCSS version 0.21.1-1-g345015f (webtiles) character file.

485 wilfster70 the Carver (level 6, -2/55 HPs)
             Began as a Demonspawn Berserker on June 29, 2018.
             Was a Believer of Trog.
             Slain by Sonja
             ... wielding a +1 short sword of distortion
              (3 damage)
             ... in the Dungeon (Sprint I: "Red Sonja").
             The game lasted 00:01:45 (241 turns).

wilfster70 the Carver (Demonspawn Berserker)         Turns: 241, Time: 00:01:46

Health: -2/55      AC: 12    Str: 19    XL:     6   Next: 88%
Magic:  6/6        EV: 10    Int:  8    God:    Trog [**....]
Gold:   312        SH:  0    Dex: 13    Spells: 5/5 levels left

rFire    . . .     SeeInvis .   a - +0 falchion
rCold    . . .     Gourm    .   (no shield)
rNeg     . . .     Faith    .   l - +0 chain mail
rPois    .         Spirit   .   (no helmet)
rElec    .         Reflect  .   (no cloak)
rCorr    .         Harm     .   (no gloves)
MR       .....     NoTele   +   (no boots)
Stlth    ..........             (no amulet)
HPRegen  0.18/turn              (no ring)
MPRegen  0.10/turn              (no ring)

@: lethally poisoned (-2 -> -14), slowed, very slow
A: talons 1, molten scales 1, demonic guardian 1, powered by death 1
a: Berserk, Trog's Hand, Burn Spellbooks, Renounce Religion


You were in the Dungeon.
You worshipped Trog.
Trog was pleased with you.
You were very hungry.

You visited 1 branch You collected 312 gold pieces.

Inventory:

Hand Weapons
 a - a +0 falchion (weapon)
Armour
 l - a +0 chain mail (worn)
Wands
 j - a wand of digging (17)
Scrolls
 i - a scroll of blinking
Potions
 d - a potion of curing
 e - a potion of heal wounds
 f - a potion of haste
 g - 2 potions of magic
 h - a potion of berserk rage
Comestibles
 c - 2 rations
 k - 5 chunks of flesh


   Skills:
 + Level 7.2 Fighting
 * Level 9.1 Long Blades
 + Level 6.3 Armour
 + Level 6.2 Dodging


You had 5 spell levels left.
You didn't know any spells.

Dungeon Overview and Level Annotations

Branches:
Dungeon (1/1)

Altars:
Makhleb
Sif Muna
Vehumet
Wu Jian
Xom
Jiyva
Lugonu

Annotations:
D Sonja


Innate Abilities, Weirdness & Mutations

You have sharp toenails.
You are partially covered in molten scales. (AC +2)
A weak demonic guardian rushes to your aid.
You regenerate a little health from kills.


Message History

You see here a curare-tipped needle.
You recover from your berserk rage.
* * * LOW HITPOINT WARNING * * *
You feel sick.
Sonja hits you with an uncursed short sword of distortion.
* * * LOW HITPOINT WARNING * * *
Sonja hits you but does no damage. Space bends around you.
* * * LOW HITPOINT WARNING * * *
Sonja hits you but does no damage. Space bends around you.
* * * LOW HITPOINT WARNING * * *
There is an open door, spattered with blood here.
You see here a curare-tipped needle.
You closely miss Sonja. Your kick misses Sonja.
* * * LOW HITPOINT WARNING * * *
You feel sick. Sonja closely misses you.
You riposte.
You miss Sonja. Your kick misses Sonja. Sonja barely misses you.
Sonja closely misses you. Sonja hits you but does no damage.
You feel a strange sense of stasis. Sonja hits you but does no damage.
You feel a strange sense of stasis. Sonja hits you but does no damage.
Space bends around you.
You die...

#<.#.))..#..'..#__#
#..'..#..').#..'..+
#..#####'#####'#__#
#.[# #..#...#(####
#..# ####§§##.#
#..# ##§#_.+ #⌠⌠#
+..._# #### #_K#'#
##@#.# ##(### +$.$+
#$.$# ##.## #+#


You could see Sonja.

Vanquished Creatures
  A slime creature (D)
  Sigmund (D)
  An ogre (D)
  A jelly (D)
  Ijyb (D)
5 creatures vanquished.

Notes
Turn   | Place    | Note
-------+----------+-------------------------------------------
     0 | D        | wilfster70 the Demonspawn Berserker began the quest for the Orb.
     0 | D        | Reached XP level 1. HP: 18/18 MP: 1/1
     1 | D        | Noticed Ijyb
    11 | D        | Killed Ijyb
    11 | D        | Reached skill level 4 in Long Blades
    11 | D        | Gained mutation: You are partially covered in molten scales. (AC +2) [demonic ancestry]
    11 | D        | Reached XP level 2. HP: 25/25 MP: 2/2
    71 | D        | Noticed an ogre
    77 | D        | Killed an ogre
    77 | D        | Reached skill level 5 in Fighting
    77 | D        | Reached skill level 5 in Long Blades
    77 | D        | Gained mutation: A weak demonic guardian rushes to your aid. [demonic ancestry]
    77 | D        | Reached XP level 3. HP: 33/33 MP: 3/3
    77 | D        | Reached XP level 4. HP: 39/39 MP: 4/4
   132 | D        | Noticed Sigmund
   139 | D        | Killed Sigmund
   139 | D        | Reached ** piety under Trog
   139 | D        | Reached skill level 7 in Long Blades
   139 | D        | Reached skill level 5 in Armour
   139 | D        | Reached skill level 5 in Dodging
   139 | D        | Gained mutation: You regenerate a little health from kills. [demonic ancestry]
   139 | D        | Reached XP level 5. HP: 46/46 MP: 5/5
   186 | D        | Found a deep blue altar of Sif Muna.
   187 | D        | Found an ornate altar of the Wu Jian Council.
   188 | D        | Found a radiant altar of Vehumet.
   190 | D        | Found a viscous altar of Jiyva.
   190 | D        | Found a corrupted altar of Lugonu.
   190 | D        | Noticed a slime creature
   191 | D        | Found a burning altar of Makhleb.
   191 | D        | Found a shimmering altar of Xom.
   200 | D        | Gained mutation: You have sharp toenails. [demonic ancestry]
   200 | D        | Reached XP level 6. HP: 50/53 MP: 6/6
   203 | D        | Killed a slime creature
   203 | D        | Reached skill level 9 in Long Blades
   233 | D        | Noticed Sonja
   241 | D        | HP: 1/55 [poisoned by Sonja (curare-tipped needle)]
   241 | D        | Slain by Sonja

Skill      XL: |  1  2  3  4  5  6 |
---------------+-------------------+-----
Long Blades    | 4 5 7 9 |  9.1
Armour         | 2 4 5 6 |  6.3
Dodging        | 2 4 5 6 |  6.2
Fighting       | 5 6 7 |  7.2

Action                   |  1- 3 |  4- 6 || total
-------------------------+-------+-------++-------
Melee: Falchion          |    12 |    19 ||    31
Invok: Berserk           |     2 |     2 ||     4
Armor: Animal skin       |     2 |       ||     2
       Chain mail        |       |     8 ||     8
Dodge: Dodged            |     1 |    10 ||    11
       Rpst.: Falchion   |       |     3 ||     3
